 Dungeon Crawl Stone Soup version 0.28.0-53-g5a82cb258f (webtiles) character file.

Game seed: 17886078384301413566

116 nickcage the Gusty (level 4, 0/24 HPs)
             Began as a Deep Elf Air Elementalist on May 25, 2022.
             Slain by an orc priest
             ... wielding a +0 whip
              (2 damage)
             ... on level 3 of the Dungeon.
             The game lasted 00:06:05 (2190 turns).

nickcage the Gusty (Deep Elf Air Elementalist)      Turns: 2190, Time: 00:06:05

Health: 0/24       AC:  2    Str:  5    XL:     4   Next: 70%
Magic:  2/12       EV: 12    Int: 22    God:
Gold:   94         SH:  0    Dex: 15    Spells: 0/11 levels left

rFire   . . .      SeeInvis .   i - +0 rapier
rCold   . . .      Faith    .   (no shield)
rNeg    . . .      Spirit   .   a - +0 robe
rPois   .          Reflect  .   (no helmet)
rElec   .          Harm     .   (no cloak)
rCorr   .          Rampage  .   (no gloves)
Will    .....                   (no boots)
Stlth   ++........              (no amulet)
HPRegen 0.08/turn               (no ring)
MPRegen 0.13/turn               (no ring)

@: no status effects
A: no striking features
a: no special abilities


You were on level 3 of the Dungeon.
You visited 1 branch of the dungeon, and saw 3 of its levels.

You collected 94 gold pieces.

Inventory:

Hand Weapons
 c - a +0 whip
 d - a +0 dagger
 i - a +0 rapier (weapon)
Armour
 a - a +0 robe (worn)
Scrolls
 g - 2 scrolls of identify {unknown}
 h - a scroll of torment {unknown}
Potions
 b - 2 potions of flight {unknown}
 e - a potion of might {unknown}
 f - 2 potions of curing {unknown}


   Skills:
 - Level 2.5 Dodging
 - Level 2.5 Stealth
 - Level 4.0 Spellcasting
 - Level 2.1 Conjurations
 * Level 1.6 Ice Magic
 + Level 4.3 Air Magic


You couldn't memorise any spells.
You knew the following spells:

 Your Spells              Type           Power      Damage    Failure   Level
a - Shock                 Conj/Air       72%        1d7       3%          1
b - Swiftness             Air            23%        N/A       6%          3
c - Frozen Ramparts       Ice            22%        1d4       17%         3
d - Airstrike             Air            11%        N/A       19%         4

Your spell library contained the following spells:

 Spells                   Type           Power      Damage    Failure   Level
 Static Discharge         Conj/Air       18%        N/A       4%          2
 Freeze                   Ice            44%        1d6       6%          1
 Hailstorm                Conj/Ice       12%        3d5       45%         4


Dungeon Overview and Level Annotations

Branches:
Dungeon (3/15)

Altars:
Cheibriados
Uskayaw
Wu Jian


Message History

The zap misses the orc priest.
The orc priest hits you with a +0 whip.
The orc wizard mumbles some strange words.
The orc wizard flickers and vanishes!
Deactivating autopickup; reactivate with Ctrl-A.
The zap hits the orc priest.
The orc priest is lightly wounded.
The orc priest hits you with a +0 whip.
You are too injured to fight recklessly!
Aiming: Shock (safe; 3% risk of failure)
Press: ? - help, Q - select action Shift-Dir - straight line, f/p - orc priest
Aim: an orc priest, wielding a +0 whip and wearing a +0 ring mail (lightly wounded, 75% to hit)
The zap hits the orc priest.
The orc priest is lightly wounded.
An endoplasm comes into view.
The orc priest invokes the aid of Beogh against you.
Pain shoots through your body!
* * * LOW HITPOINT WARNING * * *
Casting: Shock (safe; 3% risk of failure)
Confirm with . or Enter, or press ? or * to list all spells.
Okay, then.
Aiming: Shock (safe; 3% risk of failure)
Press: ? - help, Q - select action Shift-Dir - straight line, f/p - orc priest
Aim: an orc priest, wielding a +0 whip and wearing a +0 ring mail (lightly wounded, 75% to hit)
The zap hits the orc priest.
The orc priest is moderately wounded.
The zap hits the orc.
The orc is moderately wounded.
The orc priest hits you with a +0 whip.
* * * LOW HITPOINT WARNING * * *
Aiming: Shock (safe; 3% risk of failure)
Press: ? - help, Q - select action Shift-Dir - straight line, f - endoplasm, p - orc priest
Aim: an endoplasm (98% to hit)
The zap hits the orc priest.
The orc priest is heavily wounded.
The zap hits the orc.
The orc is severely wounded.
The zap hits the endoplasm.
You kill the endoplasm!
The orc priest hits you with a +0 whip.
You die...

#..................
####.###.....######.#
#.......###.## #.#
#.##.##.# #.# #..
#.##.# #.# ###
#.##.###.### #
#.##.#.....#
#.##.##.#.....#
#...@...#.....#
#.##o####.....# #.
#o# #.....# #. ..#
####### #. ...# #
.).## ...# .>.. .##.#


You could see an orc priest and an orc.

Vanquished Creatures
  Terence (D:3)
  3 adders
  2 dart slugs (D:1)
  An orc (D:3)
  5 ball pythons
  8 endoplasms
  3 giant cockroaches
  8 goblins
  5 hobgoblins
  3 quokkas
  8 bats
  4 frilled lizards
  4 kobolds
  2 rats (D:1)
57 creatures vanquished.

Notes
Turn   | Place    | Note
-------+----------+-------------------------------------------
     0 | D:1      | nickcage the Deep Elf Air Elementalist began the quest for
                  | the Orb.
     0 | D:1      | Reached XP level 1. HP: 10/10 MP: 6/6
   262 | D:1      | Reached XP level 2. HP: 15/15 MP: 6/8
   779 | D:1      | Reached XP level 3. HP: 19/19 MP: 7/10
   783 | D:1      | Learned a level 3 spell: Swiftness
   787 | D:1      | Learned a level 3 spell: Frozen Ramparts
  1049 | D:2      | Found a faded altar of an unknown god.
  1418 | D:2      | Found a snail-covered altar of Cheibriados.
  1838 | D:3      | Reached XP level 4. HP: 24/24 MP: 9/12
  1843 | D:3      | Learned a level 4 spell: Airstrike
  1869 | D:3      | Noticed Terence
  1884 | D:3      | Killed Terence
  1885 | D:3      | Reached skill level 1 in Ice Magic
  2119 | D:3      | Found a hide-covered altar of Uskayaw.
  2119 | D:3      | Found an ornate altar of the Wu Jian Council.
  2190 | D:3      | Slain by an orc priest

Illustrated notes

Levels and vault maps discovered:
D:1:      lightli_molten_gateway, layout_loops_ring,
          minmay_misc_feat_more_columns
D:2:      layout_rooms, nicolae_ecumenical_pavilion, basic_altar
D:3:      layout_loops_cross, gammafunk_temple_overflow_wave, uniq_terence,
          uniq_natasha, uniq_crazy_yiuf_cottage

Skill      XL: |  1  2  3  4 |
---------------+-------------+-----
Spellcasting   | 4 |  4.0
Conjurations   | 2 |  2.1
Ice Magic      | 1 |  1.6
Air Magic      | 4 |  4.3
Dodging        | |  2.5
Stealth        | |  2.5

Action                   |  1- 3 |  4- 6 || total
-------------------------+-------+-------++-------
 Cast: Shock             |    91 |    30 ||   121
  Use: Scroll            |     3 |       ||     3
Armor: Robe              |     2 |       ||     2
Dodge: Dodged            |     5 |     1 ||     6
